[Event "Team 45 45 League T42"]
[Site "Internet Chess Club"]
[Date "2009.09.05"]
[Round "6"]
[White "Guoruey"]
[Black "livis"]
[Result "1-0"]
[WhiteElo "2038"]
[BlackElo "1984"]
[Opening "Sicilian: accelerated fianchetto, modern variation"]
[ECO "B34"]
[Time "18:18:16"]
[TimeControl "2700+45"]

1. e4 c5 2. Nf3 Nc6 3. Nc3 g6 4. d4 cxd4 5. Nxd4 Bg7 6. Be3 d6 7. Qd2 Nf6 8. f3
Bd7 9. g4 a6 10. O-O-O Qc7 11. Kb1 b5 12. g5 Nh5 13. Nxc6 Bxc6 14. Ne2 Bd7 15.
Ng3 Nxg3 16. hxg3 a5 17. Bd4 e5 18. Be3 Ke7 19. Bd3 b4 20. Rh4 a4 21. Rdh1 a3
22. Rxh7 axb2 23. Qxb4 Rhb8 24. Qc4 Qxc4 25. Bxc4 Kf8 26. Bb3 Be6 27. Rd1 Bxb3
28. cxb3 Ra6 29. Kxb2 Kg8 30. Rh2 Rba8 31. a4 Rb8 32. Ka3 Rc8 33. Rc1 Rb8 34.
Rhc2 Bf8 35. Rc8 d5+ 36. Ka2 Rxc8 37. Rxc8 d4 38. Bd2 Kg7 39. Kb2 Be7 40. Kc2 f6
41. Rc7 Kf8 42. gxf6 Bxf6 43. Kd3 Ke8 44. Kc4 Kd8 45. Rc5 Kd7 46. Kb5 Ra8 47. a5
Rb8+ 48. Kc4 Kd6 49. b4 Be7 50. b5 Ke6 51. Rc6+ Kd7 52. a6 Bd8 53. a7 Ra8 54.
Ra6 Kc8 55. b6 Kb7 56. Kb5 g5 57. g4 Be7 58. Ra1 Bd8 59. Ba5 Rc8 60. Rh1 Be7 61.
Rh7 Rc5+ 62. Ka4 {Black resigns} 1-0

[Event "Team 45 45 League T42"]
[Site "Internet Chess Club"]
[Date "2009.09.06"]
[Round "6"]
[White "Hubris123"]
[Black "chiiwen"]
[Result "1-0"]
[WhiteElo "1989"]
[BlackElo "2075"]
[Opening "Sicilian: accelerated fianchetto, modern variation with Bc4"]
[ECO "B35"]
[Time "18:00:46"]
[TimeControl "2700+45"]

1. e4 c5 2. Nf3 g6 3. d4 cxd4 4. Nxd4 Nc6 5. Nc3 Bg7 6. Be3 Nf6 7. Bc4 O-O 8.
Bb3 a5 9. f3 d6 10. Qd2 Bd7 11. a4 Ne5 12. O-O-O Rc8 13. g4 Nc4 14. Bxc4 Rxc4
15. Qd3 Qc8 16. g5 Rxc3 17. bxc3 Ne8 18. h4 Bxa4 19. h5 Nc7 20. hxg6 hxg6 21. f4
Ne6 22. Nxe6 Qxe6 23. Bd4 Bc6 24. Bxg7 Kxg7 25. f5 Qe5 26. Qh3 Qf4+ 27. Kb2 Qxg5
28. Rdg1 Qf4 29. Rxg6+ fxg6 30. Qh7+ {Black resigns} 1-0

[Event "Team 45 45 League T42"]
[Site "Internet Chess Club"]
[Date "2009.09.05"]
[Round "6"]
[White "martineden"]
[Black "Merciful"]
[Result "0-1"]
[WhiteElo "1953"]
[BlackElo "1919"]
[Opening "QGD Slav defense"]
[ECO "D10"]
[Time "10:05:08"]
[TimeControl "2700+45"]

1. d4 d5 2. c4 c6 3. Nc3 dxc4 4. g3 Nd7 5. Bg2 Ngf6 6. Nf3 g6 7. O-O Bg7 8. e4
b5 9. Qe2 O-O 10. a4 b4 11. Na2 a5 12. Rd1 Ba6 13. Qe1 Nb6 14. Ne5 Qc8 15. Be3
Nfd7 16. f4 Nxe5 17. dxe5 Nxa4 18. Nxb4 Nxb2 19. Rdb1 axb4 20. Rxb2 b3 21. Bf1
Bb5 22. Rc1 Ra4 23. Qc3 Qa6 24. Bc5 Re8 25. Bb4 Qb6+ 26. Kh1 c5 27. Bxc4 Bxc4
28. Bxc5 Qxc5 29. Rxb3 Qa7 {White resigns} 0-1

[Event "Team 45 45 League T42"]
[Site "Internet Chess Club"]
[Date "2009.09.04"]
[Round "6"]
[White "upsan"]
[Black "jeffc0667"]
[Result "1/2-1/2"]
[WhiteElo "1776"]
[BlackElo "1908"]
[Opening "Sicilian"]
[ECO "B50"]
[Time "10:30:46"]
[TimeControl "2700+45"]

1. e4 c5 2. Nf3 d6 3. c4 Nf6 4. Nc3 Nc6 5. d3 Bg4 6. h3 Bh5 7. Be3 e6 8. Be2 Be7
9. Qd2 O-O 10. O-O Re8 11. Nh2 Bxe2 12. Nxe2 d5 13. Ng4 dxe4 14. Nxf6+ Bxf6 15.
dxe4 Qxd2 16. Bxd2 Rad8 17. Be3 b6 18. Rab1 Nb4 19. f4 Rd3 20. Rf3 Nc2 21. Kf2
Nxe3 22. Rxe3 Bd4 23. Nxd4 Rxd4 24. b3 {Game drawn by mutual agreement} 1/2-1/2

[Event "Team 45 45 League T42"]
[Site "Internet Chess Club"]
[Date "2009.09.09"]
[Round "6"]
[White "chess9793"]
[Black "cityprosecutor"]
[Result "0-1"]
[WhiteElo "1848"]
[BlackElo "1803"]
[Opening "Pirc: Austrian attack, dragon formation"]
[ECO "B09"]
[Time "22:30:22"]
[TimeControl "2700+45"]

1. e4 d6 2. d4 Nf6 3. Nc3 g6 4. f4 Bg7 5. Nf3 c5 6. dxc5 Qa5 7. Bb5+ Bd7 8.
Bxd7+ Nbxd7 9. O-O Qxc5+ 10. Kh1 O-O 11. Qe2 Rac8 12. Bd2 a6 13. Rfd1 Rfd8 14.
Rac1 Qb6 15. Rb1 Qc5 16. Be3 Qc4 17. Qxc4 Rxc4 18. Rd4 Rdc8 19. Rbd1 Ng4 20.
Rxc4 Rxc4 21. Bd4 Bxd4 22. Rxd4 Rxd4 23. Nxd4 e5 24. fxe5 dxe5 25. Nf3 Ne3 26.
Ne1 Nc5 27. b4 Ne6 28. Nd5 Nc4 29. Nd3 Kg7 30. Kg1 Ng5 31. Nc5 Nd6 32. Nd7 Ngxe4
33. Nxe5 f5 34. Kf1 Nd2+ 35. Ke2 N2c4 36. Nxc4 Nxc4 37. Kd3 Nd6 38. Kd4 Kf7 39.
Kc5 Ke6 40. c4 Ke5 41. a4 g5 42. Nf6 Kxf6 43. Kxd6 f4 44. a5 g4 45. b5 f3 46.
bxa6 bxa6 47. gxf3 gxf3 48. c5 f2 49. c6 f1=Q 50. c7 Qc4 51. h4 Qb4+ 52. Kc6
Qb5+ 53. Kd6 Qe8 54. h5 Kg5 55. Kc5 Kxh5 56. Kb6 Qc8 57. Ka7 Qxc7+ 58. Kxa6
Qxa5+ 59. Kxa5 Kg4 60. Kb4 Kg3 61. Kc3 Kg2 62. Kd3 h5 63. Ke3 h4 {White resigns}
0-1

[Event "Team 45 45 League T42"]
[Site "Internet Chess Club"]
[Date "2009.09.06"]
[Round "6"]
[White "lw"]
[Black "CheeryCherry"]
[Result "0-1"]
[WhiteElo "1542"]
[BlackElo "1532"]
[Opening "Sicilian: Smith-Morra gambit"]
[ECO "B21"]
[Time "18:01:26"]
[TimeControl "2700+45"]

1. e4 c5 2. d4 cxd4 3. c3 d5 4. Qxd4 Nf6 5. e5 Ng4 6. f3 Nh6 7. Bxh6 gxh6 8. e6
f6 9. Bb5+ Nc6 10. Qg4 Qd6 11. Qh5+ Kd8 12. Nd2 Bxe6 13. O-O-O Kc7 14. Ne4 Qf4+
15. Nd2 Rg8 16. Ne2 Qg5 17. Qxg5 hxg5 18. g4 Rd8 19. h3 Bf7 20. Bxc6 bxc6 21. h4
h6 22. hxg5 hxg5 23. Nd4 e5 24. Nf5 Bg6 25. Nh6 Rh8 26. Nf7 Rxh1 27. Nxd8 Rxd1+
28. Kxd1 Kxd8 {White resigns} 0-1

[Event "Team 45 45 League T42"]
[Site "Internet Chess Club"]
[Date "2009.09.05"]
[Round "6"]
[White "SeniorCitizen"]
[Black "BotanicalKnight"]
[Result "1/2-1/2"]
[WhiteElo "1297"]
[BlackElo "1562"]
[Opening "Caro-Kann: exchange variation"]
[ECO "B13"]
[Time "08:02:08"]
[TimeControl "2700+45"]

1. e4 c6 2. d4 d5 3. exd5 cxd5 4. Nf3 Bg4 5. c3 Nc6 6. Bf4 e6 7. Bd3 Nf6 8. Nbd2
Be7 9. O-O O-O 10. Qc2 Bh5 11. Ng5 Bg6 12. Bxg6 hxg6 13. h4 Rc8 14. Qd3 a6 15.
Ndf3 b5 16. g3 Qb6 17. Be5 Nxe5 18. Nxe5 Qd6 19. Kg2 Nh5 20. Ngxf7 Rxf7 21. Nxf7
Kxf7 22. Qf3+ Kg8 23. Qg4 Rf8 24. Rae1 Rf6 25. Re2 Kf7 26. Rfe1 a5 27. Re3 b4
28. Rf3 bxc3 29. Rxf6+ Nxf6 30. Qe2 cxb2 31. Qxb2 Qb4 32. Qe2 Qd6 33. Qf3 Qb4
34. Qe2 Qd6 35. Qf3 Qb4 {Game drawn by mutual agreement} 1/2-1/2

[Event "Team 45 45 League T42"]
[Site "Internet Chess Club"]
[Date "2009.09.04"]
[Round "6"]
[White "IanT"]
[Black "radiohead"]
[Result "0-1"]
[WhiteElo "1433"]
[BlackElo "1426"]
[Opening "Sicilian: Alapin's variation (2.c3)"]
[ECO "B22"]
[Time "22:00:36"]
[TimeControl "2700+45"]

1. e4 c5 2. c3 d5 3. exd5 Nf6 4. d4 Qxd5 5. Nf3 e6 6. Be3 Qd8 7. Bb5+ Bd7 8. Qd3
Bxb5 9. Qxb5+ Qd7 10. Qxd7+ Nbxd7 11. O-O Bd6 12. Nbd2 cxd4 13. Bxd4 b6 14. Rfe1
O-O 15. Ne5 Bc5 16. Nxd7 Nxd7 17. Bxc5 Nxc5 18. Rad1 Nd3 19. Re3 Nxb2 20. Rb1
Na4 21. Rb4 Nc5 22. Rd4 Rad8 23. Nf3 f6 24. Rxd8 Rxd8 25. h3 Rd3 26. Rxd3 Nxd3
27. Nd4 Kf7 28. Nc6 a5 29. Kf1 Nc1 30. a3 Na2 31. c4 Nc3 32. Na7 Ne4 33. Ke2 Nd6
34. Kd3 e5 35. Nc6 Nb7 36. Ke4 Ke6 {White resigns} 0-1

[Event "Team 45 45 League T42"]
[Site "Internet Chess Club"]
[Date "2009.09.06"]
[Round "6"]
[White "MikeA"]
[Black "Conjurer"]
[Result "1/2-1/2"]
[WhiteElo "1354"]
[BlackElo "1275"]
[Opening "Sicilian: Alapin's variation (2.c3)"]
[ECO "B22"]
[Time "13:10:35"]
[TimeControl "2700+45"]

1. e4 c5 2. c3 Nf6 3. e5 Nd5 4. d4 cxd4 5. Nf3 d6 6. cxd4 Bg4 7. Bc4 e6 8. Nc3
Nb6 9. Be2 Be7 10. O-O O-O 11. h3 Bh5 12. Bf4 d5 13. Rc1 Nc6 14. a3 a6 15. Bd3
Nxd4 16. Bxh7+ Kxh7 17. Qxd4 Nc4 18. Rc2 Rc8 19. b3 Nxa3 20. Rcc1 Rh8 21. b4 Kg8
22. Nb1 Nc4 23. Nbd2 Bxb4 24. Nxc4 Rxc4 25. Rxc4 Bxf3 26. Rxb4 Be2 27. Rfb1 b5
28. R1b2 Bc4 29. Be3 Rh4 30. Qb6 Qxb6 31. Bxb6 Re4 {Game drawn by mutual
agreement} 1/2-1/2

[Event "Team 45 45 League T42"]
[Site "Internet Chess Club"]
[Date "2009.09.07"]
[Round "6"]
[White "BosqueVerde"]
[Black "AlPearson"]
[Result "0-1"]
[WhiteElo "1279"]
[BlackElo "1401"]
[Opening "King's Indian defense, 3.Nc3"]
[ECO "E90"]
[Time "12:03:53"]
[TimeControl "2700+45"]

1. d4 Nf6 2. c4 g6 3. Nc3 Bg7 4. Nf3 O-O 5. e4 d6 6. Qc2 c5 7. dxc5 dxc5 8. e5
Ng4 9. h3 Nxe5 10. Nxe5 Bxe5 11. Bh6 Bg7 12. Bg5 Bf5 13. Qb3 b6 14. Nd5 h6 15.
Bxe7 Re8 16. Be2 Rxe7 17. Nxe7+ Qxe7 18. Qf3 Qe4 19. O-O Nc6 20. Rab1 Re8 21. b3
Nd4 22. Qxe4 Nxe2+ 23. Qxe2 Rxe2 24. Rfe1 Bxb1 25. Rxe2 Kf8 26. a3 Bf5 27. g4
Be6 28. Kg2 Bd4 29. Kg3 Kg7 30. Kf4 Kf6 31. g5+ hxg5+ 32. Ke4 Bxh3 33. f4 g4 34.
b4 g3 35. bxc5 bxc5 36. Re1 {White resigns} 0-1

[Event "Team 45 45 League T42"]
[Site "Internet Chess Club"]
[Date "2009.09.06"]
[Round "6"]
[White "AtomicDog"]
[Black "jocooper"]
[Result "1-0"]
[WhiteElo "1455"]
[BlackElo "1184"]
[Opening "Pirc: Austrian attack, 6.Bd3"]
[ECO "B09"]
[Time "10:07:19"]
[TimeControl "2700+45"]

1. e4 d6 2. d4 Nf6 3. Nc3 g6 4. f4 Bg7 5. Nf3 O-O 6. Bd3 Nbd7 7. O-O c6 8. Kh1
b5 9. e5 dxe5 10. fxe5 Nd5 11. Nxd5 cxd5 12. Bxb5 Bb7 13. b3 e6 14. Bg5 Qc7 15.
Rf2 f6 16. Bxd7 Qxd7 17. Be3 Qe7 18. Qd2 Rf7 19. exf6 Bxf6 20. Ng5 Rff8 21. Nh3
Rac8 22. Rf3 Qc7 23. Rc1 Rf7 24. Nf4 Qd7 25. Re1 Bg5 26. Nxe6 Qxe6 27. Bxg5 Qd7
28. Rf4 Rxf4 29. Bxf4 Rf8 30. Be5 Qf7 31. Kg1 Ba6 32. Qd1 Qf2+ 33. Kh1 Be2 34.
Qc1 Qf1+ 35. Rxf1 Rxf1+ 36. Qxf1 Bxf1 37. Kg1 Be2 38. Kf2 Bg4 39. Ke3 Kf7 40. c4
dxc4 41. bxc4 Ke6 42. Kf4 Bf5 43. g4 Bd3 44. d5+ Kd7 45. c5 Bb5 46. Ke4 a6 47.
Kd4 h5 48. gxh5 gxh5 49. c6+ Bxc6 50. dxc6+ Kxc6 51. Kc4 Kb6 52. Bd4+ Ka5 53.
Kb3 Kb5 54. a4+ Kc6 55. Kb4 Kd5 56. Ka5 Kxd4 57. Kxa6 h4 58. Kb6 Ke3 59. a5 Kf2
60. a6 h3 61. a7 {Black resigns} 1-0

[Event "Team 45 45 League T42"]
[Site "Internet Chess Club"]
[Date "2009.09.06"]
[Round "6"]
[White "WzeroMN"]
[Black "Traho"]
[Result "1/2-1/2"]
[WhiteElo "1201"]
[BlackElo "1192"]
[Opening "Caro-Kann: classical variation"]
[ECO "B18"]
[Time "19:00:14"]
[TimeControl "2700+45"]

1. e4 c6 2. d4 d5 3. Nc3 dxe4 4. Nxe4 Bf5 5. Bd3 e6 6. Nf3 Nf6 7. Bg5 Be7 8.
Nxf6+ Bxf6 9. Bxf6 Qxf6 10. Bxf5 Qxf5 11. O-O O-O 12. Re1 Rd8 13. c3 Na6 14. Qe2
Qf6 15. Qe5 Qxe5 16. Rxe5 Nc7 {Game drawn by mutual agreement} 1/2-1/2

[Event "Team 45 45 League T42"]
[Site "Internet Chess Club"]
[Date "2009.09.05"]
[Round "6"]
[White "tryanything"]
[Black "allanchs"]
[Result "1-0"]
[WhiteElo "1595"]
[BlackElo "1578"]
[Opening "two knights: Max Lange attack"]
[ECO "C50"]
[Time "05:00:02"]
[TimeControl "2700+45"]

1. e4 e5 2. Nf3 Nc6 3. Bc4 Bc5 4. O-O Nf6 5. d4 exd4 6. e5 Ne4 7. Bd5 f5 8. exf6
Nxf6 9. Re1+ Be7 10. Bb3 d5 11. Nxd4 Nxd4 12. Qxd4 O-O 13. Be3 c6 14. Nc3 Ng4
15. h3 Bf6 16. Qd3 Nxe3 17. Rxe3 Kh8 18. Rf3 Bxc3 19. Rxf8+ Qxf8 20. Qxc3 Bf5
21. Re1 Re8 22. a4 Re4 23. Rxe4 Bxe4 24. f3 Bg6 25. Qe3 Qe8 26. Kf2 Qxe3+ 27.
Kxe3 c5 28. Bxd5 Bxc2 29. Bxb7 Bxa4 30. g4 Kg8 31. Bd5+ Kf8 32. Bc4 Ke7 33. f4
Bd7 34. Ke4 Kd6 35. f5 h6 36. h4 Bc6+ 37. Kf4 Bd7 38. g5 hxg5+ 39. Kxg5 Ke5 40.
Be6 Be8 41. h5 a5 42. b3 Kd6 43. h6 gxh6+ 44. Kxh6 Ke7 45. Kg7 Bh5 46. Bc4 Ke8
47. f6 Kd7 48. f7 Bxf7 49. Kxf7 Kd6 50. Kf6 Kc6 51. Ke5 Kc7 52. Kd5 Kb6 53. Kd6
{Black resigns} 1-0

[Event "Team 45 45 League T42"]
[Site "Internet Chess Club"]
[Date "2009.09.05"]
[Round "6"]
[White "EyeAm"]
[Black "Aquaman"]
[Result "1-0"]
[WhiteElo "1540"]
[BlackElo "1325"]
[Opening "Scandinavian defense"]
[ECO "B01"]
[Time "15:00:56"]
[TimeControl "2700+45"]

1. e4 d5 2. exd5 Nf6 3. d4 Bg4 4. Nf3 Nxd5 5. c4 Nf6 6. Nc3 e6 7. a3 c6 8. Be2
Nbd7 9. h3 Bxf3 10. Bxf3 Be7 11. Bf4 O-O 12. O-O Re8 13. Re1 a5 14. Qd2 Nf8 15.
d5 cxd5 16. cxd5 exd5 17. Nxd5 Nxd5 18. Qxd5 Qxd5 19. Bxd5 Bf6 20. Bxb7 Rxe1+
21. Rxe1 Rd8 22. Be5 Bxe5 23. Rxe5 Rd1+ 24. Kh2 Rd2 25. b3 Rxf2 26. Rxa5 Rb2 27.
b4 g6 28. Bd5 Nd7 29. Bc6 Nf6 30. b5 Kf8 31. a4 Ke7 32. Ra7+ Ke6 33. a5 Nd5 34.
a6 Nb6 35. Rb7 Nc4 36. a7 Ra2 37. Be8 Nd6 38. Bxf7+ Nxf7 39. Rb6+ Nd6 40. Ra6
Rb2 41. a8=Q Rxb5 42. Qe8+ {Black resigns} 1-0

[Event "Team 45 45 League T42"]
[Site "Internet Chess Club"]
[Date "2009.09.07"]
[Round "6"]
[White "Sapienza"]
[Black "powerchess1"]
[Result "1-0"]
[WhiteElo "1648"]
[BlackElo "1767"]
[Opening "French: Winawer (Nimzovich) variation"]
[ECO "C15"]
[Time "10:02:35"]
[TimeControl "2700+45"]

1. e4 e6 2. d4 d5 3. Nc3 Bb4 4. exd5 Qxd5 5. a3 Qa5 6. Bd2 Be7 7. Qg4 Bf6 8. Ne4
Qd5 9. Nxf6+ Nxf6 10. Qxg7 Rg8 11. Qxf6 Qe4+ 12. Ne2 Qxc2 13. Bb4 Nc6 14. Rc1
Qg6 15. Qxg6 hxg6 16. Bc3 Ne7 17. g3 Nd5 18. Bg2 c6 19. Bxd5 exd5 20. O-O Bh3
21. Rfe1 Kd7 22. Nf4 Bf5 23. Bb4 Rae8 24. h3 Be4 25. Re3 Rh8 26. f3 g5 27. fxe4
gxf4 28. gxf4 dxe4 29. Kh2 f5 30. Rg1 Rh7 31. Rg5 Ke6 32. Kg3 Reh8 33. Kg2 b6
34. Rg6+ Kd5 35. Rd6+ Kc4 36. Rxc6+ Kxd4 37. Rg3 Rd7 38. Bc3+ Kd5 39. Rf6 Kc4
40. Rxf5 Rhh7 41. Re5 Kb3 42. Rxe4 a5 43. Bxa5+ Ka2 44. Bxb6 Rd2+ 45. Kf3 Rd1
46. Re2 Rd3+ 47. Re3 Rd1 48. b4 Rf1+ 49. Kg2 Rd1 50. Re2+ Kb1 51. a4 Rhd7 52.
Rge3 Rg7+ 53. Kf2 Rgd7 54. a5 R7d5 55. Bc5 Rf5 56. Re4 Rh5 57. Re1 Rxe1 58.
Rxe1+ Kc2 59. Kg3 Kd2 60. Re5 Rh7 61. a6 {Black resigns} 1-0

[Event "Team 45 45 League T42"]
[Site "Internet Chess Club"]
[Date "2009.09.07"]
[Round "6"]
[White "BotanicalKnight"]
[Black "Andressa"]
[Result "1/2-1/2"]
[WhiteElo "1560"]
[BlackElo "1529"]
[Opening "Bishop's opening: Berlin defense"]
[ECO "C24"]
[Time "21:00:07"]
[TimeControl "2700+45"]

1. e4 e5 2. Bc4 Nf6 3. d3 Nc6 4. Nc3 Bc5 5. f4 d6 6. Nf3 Bg4 7. Na4 Bxf3 8. Qxf3
Nd4 9. Qd1 b5 10. Bxf7+ Kxf7 11. Nxc5 dxc5 12. fxe5 Nd7 13. c3 Nc6 14. O-O+ Ke8
15. Qg4 Qe7 16. d4 cxd4 17. e6 Nf6 18. Qf5 Rb8 19. Bg5 dxc3 20. bxc3 Rf8 21. e5
Qc5+ 22. Kh1 Nxe5 23. Bxf6 gxf6 24. Qxh7 Rb6 25. Qh5+ Ke7 26. Qh7+ Kxe6 27. Rad1
Rd6 28. Qf5+ Ke7 29. Rde1 Qxc3 30. Rc1 Qa5 31. Rce1 Rd5 32. Qh7+ Ke8 33. Rc1 c6
34. Qh5+ Kd7 35. Qf5+ Kd6 36. Qh7 Rf7 37. Qg8 Qxa2 38. Qd8+ Ke6 39. Qe8+ Re7 40.
Qg8+ Kd6 41. Rxf6+ Kc7 42. Qa8 Rd6 43. Rf8 Rd2 44. Qb8+ Kd7 45. Qc8+ Kd6 46.
Rd8+ Rd7 47. Rxd7+ Nxd7 48. Qxc6+ Ke7 49. Qe4+ Qe6 50. Qb4+ Qd6 51. Qe4+ Qe6 52.
Qb4+ Qd6 53. Qe4+ Qe6 {Game drawn by repetition} 1/2-1/2

[Event "Team 45 45 League T42"]
[Site "Internet Chess Club"]
[Date "2009.09.07"]
[Round "6"]
[White "Juan73"]
[Black "ticopatzer"]
[Result "0-1"]
[WhiteElo "1621"]
[BlackElo "1542"]
[Opening "Four knights: Italian variation"]
[ECO "C47"]
[Time "20:04:06"]
[TimeControl "2700+45"]

1. e4 e5 2. Nf3 Nf6 3. Nc3 Nc6 4. Bc4 Nxe4 5. Nxe4 d5 6. Bd3 dxe4 7. Bxe4 Qd6 8.
Qe2 f6 9. d3 Be6 10. c3 O-O-O 11. Be3 Kb8 12. b4 f5 13. Bc5 Qd7 14. Bxc6 Qxc6
15. Bxf8 Rhxf8 16. O-O e4 17. Nd4 Qd5 18. Nxe6 Qxe6 19. Rfe1 Rfe8 20. dxe4 Qxe4
21. Qxe4 fxe4 22. Re3 Kc8 23. Rae1 Rd2 24. R1e2 Rxe2 25. Rxe2 c5 26. a3 Kc7 27.
Kf1 Kc6 28. Ke1 Kb5 29. f3 e3 30. Kd1 Kc4 31. Kc2 b6 32. g4 g5 33. Re1 a5 34.
bxc5 bxc5 35. a4 e2 36. Kd2 Rd8+ 37. Kxe2 Re8+ 38. Kd2 Rxe1 39. Kxe1 Kxc3 40. f4
gxf4 41. g5 Kd3 42. h4 c4 43. h5 c3 44. g6 hxg6 45. hxg6 c2 46. g7 c1=Q+ 47. Kf2
Qe3+ 48. Kf1 Qg3 {White resigns} 0-1

[Event "Team 45 45 League T42"]
[Site "Internet Chess Club"]
[Date "2009.09.03"]
[Round "6"]
[White "trustnicky"]
[Black "betto2506"]
[Result "0-1"]
[WhiteElo "1367"]
[BlackElo "1588"]
[Opening "Sicilian: dragon variation"]
[ECO "B70"]
[Time "22:00:18"]
[TimeControl "2700+45"]

1. e4 c5 2. Nf3 d6 3. d4 cxd4 4. Nxd4 Nf6 5. Nc3 g6 6. Bc4 Bg7 7. Be3 Nc6 8. Nf3
a6 9. a4 O-O 10. Qd2 Bd7 11. Bh6 Qa5 12. h3 Qh5 13. Bxg7 Kxg7 14. g4 Nxg4 15.
O-O-O Nge5 16. Nxe5 Nxe5 17. Be2 Qh6 18. f4 Nc6 19. Nd5 Be6 20. Nc7 Rac8 21.
Nxe6+ fxe6 22. Bc4 Qxf4 23. Qxf4 Rxf4 24. Bxe6 Rcf8 25. Bd5 Rf2 26. h4 Nb4 27.
Bb3 Rc8 28. c3 Rc7 29. Kb1 Nc6 30. Rdg1 h6 31. h5 g5 32. Rh3 Ne5 33. Bd5 a5 34.
Rd1 b6 35. c4 Nxc4 36. Rc1 Nd2+ {White resigns} 0-1

[Event "Team 45 45 League T42"]
[Site "Internet Chess Club"]
[Date "2009.09.06"]
[Round "6"]
[White "chess92192"]
[Black "Zebbile"]
[Result "0-1"]
[WhiteElo "1972"]
[BlackElo "2020"]
[Opening "Queen's pawn"]
[ECO "A40"]
[Time "18:02:14"]
[TimeControl "2700+45"]

1. d4 c6 2. c4 Nf6 3. Nc3 d5 4. Bf4 g6 5. e3 Bg7 6. Nf3 O-O 7. Rc1 Qa5 8. Qd2
Be6 9. cxd5 Nxd5 10. Nxd5 Qxd2+ 11. Nxd2 Bxd5 12. a4 Nd7 13. f3 e5 14. dxe5 Nxe5
15. b4 Rad8 16. Nc4 Bxc4 17. Bxc4 Nd3+ 18. Bxd3 Rxd3 19. Ke2 Rfd8 20. Rhd1 Rxd1
21. Rxd1 Rxd1 22. Kxd1 Kf8 23. Kc2 Ke7 24. Kd3 Ke6 25. Kc4 Be5 26. Bxe5 Kxe5 27.
Kc5 Ke6 28. a5 Kd7 29. e4 Kc7 30. Kd4 Kd6 31. g4 g5 32. e5+ Ke6 33. Kc5 Kd7 34.
h3 h6 35. Kd4 b6 36. axb6 axb6 37. Ke4 Ke6 38. f4 gxf4 39. Kxf4 c5 40. bxc5 bxc5
41. Ke4 c4 42. Kd4 c3 43. Kxc3 Kxe5 44. Kd3 Kf4 45. Kd4 Kg3 46. Ke4 Kxh3 47. Kf3
f6 48. Kf4 Kg2 49. Ke4 Kg3 50. Kf5 Kf3 51. Kxf6 Kxg4 52. Ke5 h5 53. Ke4 h4 54.
Ke3 Kg3 55. Ke2 Kg2 {White resigns} 0-1

[Event "Team 45 45 League T42"]
[Site "Internet Chess Club"]
[Date "2009.09.12"]
[Round "6"]
[White "pishd"]
[Black "hewdondada"]
[Result "0-1"]
[WhiteElo "1736"]
[BlackElo "1806"]
[Opening "Queen's pawn, Mason variation"]
[ECO "D00"]
[Time "10:05:07"]
[TimeControl "2700+45"]

1. d4 d5 2. Bf4 Bg4 3. f3 Bh5 4. Qd3 Nf6 5. Qb5+ Nbd7 6. b3 Qc8 7. Nd2 Bg6 8. c4
e6 9. c5 c6 10. Qa5 Be7 11. Qc3 O-O 12. e3 b6 13. b4 a5 14. a3 axb4 15. axb4
Rxa1+ 16. Qxa1 Qb7 17. Qa6 Qa8 18. Kf2 b5 19. Qxa8 Rxa8 20. g4 Ra4 21. Nb3 Bd8
22. Na5 Bxa5 23. bxa5 Rxa5 24. g5 Ra2+ 25. Ke1 Ne4 26. h4 Nc3 27. Rh2 Ra1+ 28.
Kf2 b4 29. Ne2 Nxe2 30. Bxe2 b3 31. e4 dxe4 32. fxe4 Bxe4 33. Ke3 Ra2 34. Kxe4
Ra4 35. Ke3 b2 36. Bd3 Rb4 37. Rh1 f6 38. gxf6 gxf6 39. Rg1+ Kf7 40. Bh6 e5 41.
dxe5 Nxe5 42. Bxh7 Rxh4 43. Bg8+ Ke8 44. Bg7 Rg4 45. Rb1 Rxg7 46. Ba2 Rg4 47.
Be6 Rb4 48. Kd2 Rb5 49. Ke2 Ke7 50. Bg8 f5 51. Kf1 Kf6 52. Ke2 f4 53. Bh7 Nc4
54. Bd3 Rxc5 55. Bxc4 Rxc4 56. Rxb2 Kf5 57. Rb3 Kg4 58. Rb8 Rc2+ 59. Kd3 Rc5 60.
Kd4 Rc1 61. Rg8+ Kf3 62. Kd3 Kf2 63. Kd2 Rc5 64. Rg6 f3 65. Rh6 Rd5+ 66. Kc3 c5
67. Kc4 Rd4+ 68. Kxc5 Rg4 69. Kd5 Kg2 70. Ke5 f2 71. Kf5 Rg8 {White resigns} 0-1

[Event "Team 45 45 League T42"]
[Site "Internet Chess Club"]
[Date "2009.09.02"]
[Round "6"]
[White "mugurelt"]
[Black "jefferyx"]
[Result "0-1"]
[WhiteElo "1760"]
[BlackElo "1971"]
[Opening "Polish (Sokolsky) opening"]
[ECO "A00"]
[Time "17:25:28"]
[TimeControl "2700+45"]

1. b4 e6 2. Bb2 Nf6 3. e3 Bxb4 4. Nf3 b6 5. Be2 Bb7 6. O-O O-O 7. Nc3 d5 8. Nb5
Nbd7 9. Rb1 Be7 10. Na3 a6 11. c4 c5 12. Qb3 dxc4 13. Nxc4 b5 14. Qc2 Rc8 15.
Nce5 c4 16. Nxd7 Nxd7 17. a4 Nc5 18. axb5 axb5 19. Qc3 Bf6 20. Qb4 Be4 21. Bxf6
Qxf6 22. Ra1 Nb3 23. Ra3 Rfd8 24. d4 cxd3 25. Bd1 Bxf3 26. Bxf3 Nc5 27. Qxb5 Qf5
28. Rc3 Qe5 29. Qa5 Qd6 30. Qa3 e5 31. Rd1 e4 32. Bxe4 Nxe4 33. Rxc8 Rxc8 34.
Qb3 Nc3 35. Rd2 Ne2+ 36. Kf1 Rc1+ 37. Rd1 Rxd1+ 38. Qxd1 g6 39. Qd2 Qa3 40. g3
Qc1+ 41. Qxc1 Nxc1 42. Ke1 Nb3 {White resigns} 0-1

[Event "Team 45 45 League T42"]
[Site "Internet Chess Club"]
[Date "2009.09.07"]
[Round "6"]
[White "toukon"]
[Black "RD1974"]
[Result "0-1"]
[WhiteElo "1472"]
[BlackElo "1643"]
[Opening "Scandinavian: Pytel-Wade variation"]
[ECO "B01"]
[Time "18:04:35"]
[TimeControl "2700+45"]

1. e4 d5 2. exd5 Qxd5 3. Nc3 Qd6 4. d4 Nf6 5. Nf3 a6 6. Ne5 c5 7. Nc4 Qc7 8. Be2
Nc6 9. dxc5 Bf5 10. Nb6 Rd8 11. Nbd5 Nxd5 12. Nxd5 Qd7 13. Ne3 e5 14. Qxd7+ Bxd7
15. Nd5 Bxc5 16. Nc7+ Kf8 17. O-O Bb6 18. Nd5 Ba7 19. Be3 Nd4 20. Bd3 Bc6 21.
Bg5 Rxd5 22. Rfe1 f6 23. Be3 Rd7 24. c3 Nb5 25. Bxb5 Bxe3 26. Bxc6 Bxf2+ 27.
Kxf2 bxc6 28. Rad1 Ke7 29. Ke3 Rhd8 30. Rxd7+ Rxd7 31. Ke4 Rd2 32. b4 Rxa2 33.
Kf3 Rc2 34. Re3 Ke6 35. h3 g5 36. g4 Rc1 37. Rd3 Rh1 38. Ke4 Re1+ 39. Re3 Rxe3+
40. Kxe3 Kd5 41. Kd3 e4+ 42. Ke3 Kc4 43. Kxe4 Kxc3 44. Kf5 Kxb4 45. Kxf6 a5 46.
Kxg5 a4 47. Kh6 a3 48. Kxh7 a2 49. g5 a1=Q 50. g6 Qh1 51. g7 Qxh3+ 52. Kg8 c5
53. Kf8 Qf5+ 54. Ke7 Qd5 55. Kf8 c4 {White resigns} 0-1

[Event "Team 45 45 League T42"]
[Site "Internet Chess Club"]
[Date "2009.09.06"]
[Round "6"]
[White "frank001"]
[Black "cityprosecutor"]
[Result "1-0"]
[WhiteElo "1863"]
[BlackElo "1761"]
[Opening "Sicilian: dragon variation"]
[ECO "B70"]
[Time "13:07:32"]
[TimeControl "2700+45"]

1. e4 c5 2. Nf3 d6 3. d4 cxd4 4. Nxd4 Nf6 5. Nc3 g6 6. g3 Bg7 7. Bg2 O-O 8. O-O
a6 9. a4 Qc7 10. h3 Nc6 11. Nde2 Bd7 12. Be3 Ne5 13. b3 Rac8 14. Rc1 Qa5 15. Nd5
Nxd5 16. exd5 f5 17. f4 Nf7 18. Bd4 b5 19. axb5 Qxb5 20. Kh2 Bh6 21. Re1 g5 22.
c4 Qb7 23. Bc3 Qa7 24. Bd4 Qb8 25. Rc3 a5 26. Re3 Rfe8 27. h4 g4 28. Nc3 Kf8 29.
Bf1 Rc7 30. Bd3 Rb7 31. Bc2 Qc8 32. Ne2 e5 33. dxe6 Bxe6 34. Bc3 Rbe7 35. Nd4
Bd7 36. Rxe7 Rxe7 37. Rxe7 Kxe7 38. Bxa5 Qc5 39. Bc3 Bg7 40. Qd3 Kd8 41. b4 Qa7
42. b5 Qc5 43. Kg2 Bc8 44. Nc6+ Kc7 45. Bxg7 Bb7 46. Ba4 Qa3 47. Qxa3 {Black
resigns} 1-0